 Dungeon Crawl Stone Soup version 0.18-a0-1024-gf1736fb (webtiles) character file.

117 Trivium the Shield-Bearer (level 5, 0/33 HPs)
             Began as a Gargoyle Fighter on Jan 7, 2016.
             Slain by Grinder (2 damage)
             ... on level 3 of the Dungeon.
             The game lasted 00:02:36 (1743 turns).

Trivium the Shield-Bearer (Gargoyle Fighter)        Turns: 1743, Time: 00:02:37

Health: 0/33       AC: 13    Str: 24    XL:     5   Next: 1%
Magic:  5/5        EV: 11    Int:  9    God:
Gold:   188        SH: 10    Dex: 15    Spells: 0 memorised, 4 levels left

rFire  . . .     SeeInvis +     a - +0 flail
rCold  . . .     Gourm    .     p - +0 chain mail
rNeg   + . .     Faith    .     c - +0 shield
rPois  ∞         Spirit   .     (no helmet)
rElec  +         Dismiss  .     (no cloak)
rCorr  .         Reflect  .     (no gloves)
SustAt .         Harm     .     (no boots)
MR     .....                    (no amulet)
Stlth  ..........               (no ring)
                                e - ring of see invisible

@: mighty, agile, not resistant to hostile enchantments, extremely unstealthy
A: negative energy resistance 1, electricity resistance, unbreathing,
petrification resistance, rot immunity, AC +4
a: no special abilities


You were on level 3 of the Dungeon.
You were very hungry.

You visited 1 branch of the dungeon, and saw 3 of its levels.

You collected 188 gold pieces.

Inventory:

Hand Weapons
 a - a +0 flail (weapon)
Armour
 b - a +0 scale mail
 c - a +0 shield (worn)
 p - a +0 chain mail (worn)
Jewellery
 e - a ring of see invisible (left hand)
Scrolls
 h - a scroll of magic mapping {unknown}
 i - a scroll of teleportation {unknown}
 j - a scroll of random uselessness {unknown}
 m - 3 scrolls of identify {unknown}
 o - 2 scrolls of remove curse {unknown}
Potions
 l - a potion of agility
Comestibles
 f - 3 bread rations
 g - a meat ration
 k - 2 beef jerkies
 n - 3 royal jellies


   Skills:
 + Level 3.9 Fighting
 + Level 2.6 Maces & Flails
 + Level 3.8 Armour
 + Level 1.3 Dodging
 + Level 4.2 Shields


You had 4 spell levels left.
You didn't know any spells.

Dungeon Overview and Level Annotations

Branches:
Dungeon (3/15)

Altars:
Fedhas

Annotations:
D:3 Grinder


Innate Abilities, Weirdness & Mutations

You are resistant to torment.
Your stone body is resilient (AC +4).
You are immune to poison.
You resist negative energy.
You are resistant to electric shocks.
You can survive without breathing.
You are immune to petrification.
You are immune to rotting.


Message History

You feel agile all of a sudden. Grinder hits you but does no damage.
You block the goblin's attack. The hobgoblin closely misses you.
Grinder zaps a wand.
Some rock shatters into small pieces.
It is a wand of digging.
Grinder zaps a wand.
Some rock shatters into small pieces.
Your chain mail prevents you from hitting the goblin.
You block the goblin's attack.
You sock the goblin!
You kill the goblin!
You barely miss Grinder.
Grinder is lightly wounded.
Grinder hits you but does no damage.
You sock Grinder!
Grinder is moderately wounded.
Grinder barely misses you. Grinder hits you but does no damage.
You closely miss Grinder.
Grinder is moderately wounded.
Grinder hits you.
You die...

#........#........#
###.......###.....#
#.......# #.....#
#.......# #.....#
######.####.>..##
#.# #.##...#### #.#
#.##...#
#.##.##...#
#@#.##...#
##5g##...#
##g##...#
#####g..####
#...g..)...#
#.............
#..........###
#.............
#.............


You could see Grinder, 2 hobgoblins and a goblin.

Vanquished Creatures
  Terence (D:3)
  3 adders
  2 oozes
  2 worms
  A giant gecko (D:2)
  3 giant cockroaches
  7 goblins
  6 hobgoblins
  2 jackals (D:2)
  A quokka (D:2)
  2 ball pythons
  9 bats
  2 giant newts (D:1)
  5 kobolds
  2 rats (D:2)
48 creatures vanquished.

Notes
Turn   | Place    | Note
--------------------------------------------------------------
     0 | D:1      | Trivium the Gargoyle Fighter began the quest for the Orb.
     0 | D:1      | Reached XP level 1. HP: 14/14 MP: 1/1
   161 | D:1      | Reached XP level 2. HP: 12/19 MP: 2/2
   615 | D:2      | Reached XP level 3. HP: 20/24 MP: 3/3
   706 | D:2      | Found a blossoming altar of Fedhas.
   907 | D:2      | Reached skill level 1 in Dodging
  1192 | D:2      | Reached XP level 4. HP: 27/29 MP: 4/4
  1236 | D:2      | Reached skill level 4 in Shields
  1616 | D:3      | Noticed Terence
  1637 | D:3      | Killed Terence
  1637 | D:3      | Reached XP level 5. HP: 25/33 MP: 5/5
  1725 | D:3      | Noticed Grinder
  1733 | D:3      | HP: 1/33 [hobgoblin (1)]
  1743 | D:3      | Slain by Grinder

Vault maps used:
D:1:      dpeg_arrival_tiny_f, roderic_serpentine_path
D:2:      lemuel_coloured_pillars_altar
D:3:      minivault_4, minmay_goblin_outpost, uniq_grinder, uniq_terence

Action                   |  1- 3 |  4- 6 || total
-------------------------+-------+-------++-------
Melee: Flail             |   151 |    73 ||   224
  Use: Potion            |       |     2 ||     2
  Eat: Chunk             |     1 |     1 ||     2
